 Dungeon Crawl Stone Soup version 0.19.4 (webtiles) character file.

1481 vatarom the Insei (level 8, -3/48 HPs)
             Began as an Octopode Transmuter on Feb 3, 2017.
             Was an Initiate of Ashenzari.
             Slain by Duvessa
             ... wielding a +0 rapier of flaming
              (13 damage)
             ... on level 6 of the Dungeon.
             The game lasted 00:14:48 (7214 turns).

vatarom the Insei (Octopode Transmuter)             Turns: 7214, Time: 00:14:49

Health: -3/48      AC:  2    Str: 10    XL:     8   Next: 79%
Magic:  8/14       EV: 20    Int: 18    God:    Ashenzari [......]
Gold:   348        SH:  0    Dex: 19    Spells: 4 memorised, 5 levels left

rFire  . . .     SeeInvis .       - Unarmed
rCold  . . .     Gourm    .     (shield currently unavailable)
rNeg   . . .     Faith    .     (helmet currently unavailable)
rPois  .         Spirit   .     (no amulet)
rElec  .         Reflect  .     i - ring of poison resistance
rCorr  .         Harm     .     k - +3 ring of intelligence
MR     .....                    (no ring)
Stlth  ++........               (no ring)
                                (no ring)
                                (no ring)
                                (no ring)
                                (no ring)

@: spider-form
A: almost no armour, stealthy swim, (amphibious), 8 rings, (constrict 8),
(camouflage 0), (gelatinous body 0)
a: End Transformation, Curse Item, Renounce Religion


You were on level 6 of the Dungeon.
You worshipped Ashenzari.
Ashenzari was noncommittal.
You were hungry.
You were a venomous arachnid creature.
You visited 2 branches of the dungeon, and saw 7 of its levels.

You collected 348 gold pieces.

Inventory:

Missiles
 a - 82 arrows
Armour
 e - a +0 buckler (melded)
Jewellery
 i - a ring of poison resistance (left front leg)
 k - a +3 ring of intelligence (right front leg)
 t - an uncursed ring of ice
 u - an uncursed amulet of guardian spirit
Wands
 r - a wand of digging (10/24)
 s - a wand of lightning (1/15)
Scrolls
 j - 2 scrolls of identify
 m - a scroll of amnesia
 p - 2 scrolls of teleportation
 q - 3 scrolls of magic mapping
 v - a scroll of fear
Potions
 f - 2 potions of brilliance
 l - a potion of mutation {unknown}
 n - 2 potions of agility
Books
 b - a book of Changes

   Spells                             Type                      Level
   a - Beastly Appendage              Transmutation                1
   b - Sticks to Snakes               Transmutation                2
   c - Spider Form                    Transmutation/Poison         3
   d - Ice Form                       Ice/Transmutation            4
   e - Blade Hands                    Transmutation                5
Comestibles
 c - 3 bread rations
 d - 2 beef jerkies
 g - 3 meat rations
 h - 2 slices of pizza
 o - 3 fruits


   Skills:
 - Level 1.2 Fighting
 - Level 2.0 Dodging
 - Level 4.0 Shields
 * Level 7.6 Unarmed Combat
 + Level 4.2 Spellcasting
 + Level 5.5 Transmutations


You had 5 spell levels left.
You knew the following spells:

 Your Spells              Type           Power        Failure   Level  Hunger
a - Beastly Appendage     Tmut           ###...       6%          1    None
b - Sticks to Snakes      Tmut           ###.....     8%          2    ##.....
c - Spider Form           Tmut/Pois      ##........   36%         3    ###....
d - Ice Form              Ice/Tmut       ##......     75%         4    ####...


Dungeon Overview and Level Annotations

Branches:
Dungeon (6/15)             Temple (1/1) D:4

Altars:
Ashenzari
Cheibriados
Dithmenos
Elyvilon
Fedhas
Gozag
Hepliaklqana
Kikubaaqudgha
Makhleb
Nemelex Xobeh
Okawaru
Qazlal
Ru
Sif Muna
Trog
Uskayaw
Vehumet
Xom
Yredelemnul
Zin
The Shining One

Shops:
D:6 %

Annotations:
D:6 Dowan, Duvessa


Innate Abilities, Weirdness & Mutations

You cannot wear most types of armour.
You are very stealthy in the water. (Stealth+)
((You are amphibious.))
You can wear up to eight rings at the same time.
((You can use your tentacles to constrict eight enemies at once.))
((Your skin changes colour to match your surroundings (Stealth+).))
((Your rubbery body absorbs attacks. (AC +1, EV +1)))


Message History

Your ball python constricts Duvessa.
You hit Duvessa.
Duvessa looks as sick as possible!
Duvessa is moderately wounded.
Duvessa closely misses you.
Your ball python bites Duvessa.
Your ball python bites Duvessa but does no damage.
Your ball python constricts Duvessa.
You hit Duvessa but do no damage.
Duvessa looks as sick as possible!
Duvessa is moderately wounded.
Duvessa hits you with a rapier of flaming.
Duvessa burns you.
Your ball python bites Duvessa. x2
Your ball python constricts Duvessa.
You hit Duvessa.
Duvessa looks as sick as possible!
Duvessa is severely wounded.
Duvessa hits you with a rapier of flaming.
* * * LOW HITPOINT WARNING * * *
Duvessa burns you.
* * * LOW HITPOINT WARNING * * *
Your ball python bites Duvessa. x2; Your ball python constricts Duvessa.
Duvessa hits you with a rapier of flaming!
You die...

.###.#.###.#
#.##..#
####.#.# #.#
#.##..#
.....#.# #.#
#.##...
######.# #.#
#.# #.# #.#
#.# #.# #.#
#.# #.#
######.###.#
#.####
...........#
###SS..#
######.###.#
#..se..#
...........#
#.####.#
#.########.#
#.# #.######
#.# #.###.##
#...e.e# ..#
#.##...#
######.# ###
#......# #.#
####...# #e#
##### #.#
#..


You could see Duvessa and 2 friendly ball pythons.

Vanquished Creatures
  The ghost of vatarom the Insei, a novice OpTm of Ashenzari (D:4)
  Sigmund (D:4)
  An ice beast (D:6)
  2 phantoms (D:6)
  An ogre (D:5)
  A centaur (D:6)
  A scorpion (D:6)
  A crimson imp (D:5)
  A jelly (D:6)
  A centaur skeleton (D:5)
  4 hounds (D:4)
  2 orc wizards
  2 iguanas (D:4)
  A worker ant (D:6)
  7 gnolls
  4 adders
  A shadow imp (D:5)
  An ooze (D:3)
  A worm (D:2)
  A dart slug (D:1)
  2 leopard geckos
  7 orcs
  6 bats
  2 giant cockroaches
  5 goblins
  11 hobgoblins
  2 jackals (D:3)
  3 quokkas
  2 ball pythons
  2 frilled lizards
  A jackal zombie (D:3)
  6 kobolds
  A leopard gecko skeleton (D:4)
  6 rats
91 creatures vanquished.

Vanquished Creatures (collateral kills)
  An ogre (D:4)
  2 worker ants (D:4)
  A gnoll (D:4)
  A dart slug (D:3)
  A worm (D:3)
  An orc (D:6)
  2 goblins (D:2)
  2 hobgoblins (D:2)
  A frilled lizard (D:4)
12 creatures vanquished.

Grand Total: 103 creatures vanquished

Notes
Turn   | Place    | Note
-------+----------+-------------------------------------------
     0 | D:1      | vatarom the Octopode Transmuter began the quest for the Orb.
     0 | D:1      | Reached XP level 1. HP: 13/13 MP: 3/3
   291 | D:1      | Reached XP level 2. HP: 17/18 MP: 3/5
   844 | D:1      | Learned a level 2 spell: Sticks to Snakes
  1235 | D:2      | Reached XP level 3. HP: 17/23 MP: 1/6
  1239 | D:2      | Reached skill level 1 in Shields
  2056 | D:3      | Reached XP level 4. HP: 28/28 MP: 3/7
  2791 | D:3      | Reached skill level 4 in Unarmed Combat
  2811 | D:3      | Reached XP level 5. HP: 25/33 MP: 8/8
  3086 | D:4      | Noticed an ogre
  3095 | D:4      | Killed an ogre
  3095 | D:4      | Reached XP level 6. HP: 35/38 MP: 2/9
  3109 | D:3      | Learned a level 3 spell: Spider Form
  3438 | D:4      | Noticed Sigmund
  3454 | D:4      | Noticed vatarom's ghost (novice OpTm)
  3457 | D:5      | Entered Level 5 of the Dungeon
  4078 | D:6      | Noticed a phantom
  4084 | D:6      | Reached XP level 7. HP: 36/43 MP: 3/10
  4154 | D:6      | Reached skill level 5 in Unarmed Combat
  4542 | D:6      | Found Ezxiar's Food Emporium.
  4849 | D:4      | Killed vatarom's ghost
  4849 | D:4      | Reached skill level 6 in Unarmed Combat
  4849 | D:4      | Reached XP level 8. HP: 14/48 MP: 5/12
  5131 | D:4      | Found a staircase to the Ecumenical Temple.
  5140 | Temple   | Entered the Ecumenical Temple
  5770 | Temple   | Became a worshipper of Ashenzari the Shackled
  5936 | D:4      | Reached skill level 5 in Transmutations
  5948 | D:4      | Killed Sigmund
  5948 | D:4      | Reached skill level 7 in Unarmed Combat
  6380 | D:4      | Learned a level 4 spell: Ice Form
  7186 | D:6      | Noticed Duvessa
  7186 | D:6      | Noticed Dowan
  7214 | D:6      | Slain by Duvessa

Skill      XL: |  1  2  3  4  5  6  7  8 |
---------------+-------------------------+-----
Shields        | 1 2 3 4 |  4.0
Unarmed Combat | 4 6 7 |  7.6
Transmutations | 3 4 5 |  5.5
Spellcasting   | 3 4 |  4.2
Fighting       | |  1.2
Dodging        | |  2.0

Action                   |  1- 3 |  4- 6 |  7- 9 || total
-------------------------+-------+-------+-------++-------
Melee: Unarmed           |    76 |    99 |   120 ||   295
       Constrict         |    24 |    18 |     6 ||    48
       Kick              |     3 |     1 |       ||     4
       Tentacles         |     8 |    12 |     8 ||    28
       Punch             |     1 |     1 |     4 ||     6
 Cast: Beastly Appendage |     3 |     1 |       ||     4
       Sticks to Snakes  |     7 |    14 |    30 ||    51
       Spider Form       |       |     4 |     8 ||    12
  Use: Scroll            |     6 |     4 |     2 ||    12
       Potion            |     4 |     4 |     4 ||    12
 Stab: Sleeping          |     8 |     3 |     2 ||    13
       Distracted        |     2 |       |       ||     2
  Eat: Chunk             |     1 |     2 |       ||     3
       Bread ration      |     1 |     1 |     2 ||     4
       Pizza             |       |       |     1 ||     1
       Beef jerky        |       |       |     1 ||     1
Armor: Skin              |     3 |     3 |     3 ||     9
Dodge: Dodged            |    27 |    37 |    67 ||   131
Block: Buckler           |     6 |    14 |     6 ||    26
